 Dungeon Crawl Stone Soup version 0.31-a0-344-gd109795599 (webtiles) character file.

Game seed: 9586244959570205133

1468 freelancePsychic the Scholar of Death (level 8, -1/48 HPs)
             Began as a Deep Elf Necromancer on July 21, 2023.
             Was a Follower of Kikubaaqudgha.
             Slain by a phantom (4 damage)
             ... on level 6 of the Dungeon.
             The game lasted 00:09:00 (5478 turns).

freelancePsychic the Scholar of Death (DENe)        Turns: 5478, Time: 00:09:01

Health: -1/48      AC:  2    Str:  4    XL:     8   Next: 48%
Magic:  18/18      EV: 14    Int: 27    God:    Kikubaaqudgha [*.....]
Gold:   185        SH:  0    Dex: 12    Spells: 8/18 levels left

rFire   . . .        k - +0 dagger
rCold   . . .        (no shield)
rNeg    . . .        a - +0 robe
rPois   .            (no helmet)
rElec   .            (no cloak)
rCorr   .            (no gloves)
SInv    .            (no boots)
Will    .....        (no amulet)
Stlth   ++           (no ring)
HPRegen 0.28/turn    (no ring)
MPRegen 0.16/turn

%: no passive effects
@: no status effects
A: clever 1, clumsy 1
a: Renounce Religion, Unearth Wretches


You were on level 6 of the Dungeon.
You worshipped Kikubaaqudgha.
Kikubaaqudgha was aware of your devotion.
You visited 1 branch of the dungeon, and saw 6 of its levels.

You collected 185 gold pieces.

Inventory:

Hand Weapons
 k - a +0 dagger (weapon)
Armour
 a - a +0 robe (worn)
Jewellery
 m - a ring of protection from cold
Talismans
 g - a blade talisman
Scrolls
 d - 2 scrolls of vulnerability
 e - a scroll of noise
 i - a scroll of torment
 j - 2 scrolls of enchant armour
 l - a scroll of poison
 o - 2 scrolls of enchant weapon
Potions
 f - a potion of mutation


   Skills:
 + Level 3.9 Fighting
 + Level 5.9 Dodging
 - Level 2.4 Stealth
 + Level 5.8 Spellcasting
 * Level 9.8 Necromancy


You had 8 spell levels left.
You knew the following spells:

 Your Spells              Type           Power      Damage    Failure   Level
a - Necrotise             Necr           100%       1d9       1%          1
b - Vampiric Draining     Necr           57%        2d10      1%          3
c - Animate Dead          Necr           57%        N/A       1%          4
d - Sublimation of Blood  Necr           57%        N/A       1%          2

Your spell library contained the following spells:

 Spells                   Type           Power      Damage    Failure   Level
 Kiss of Death            Conj/Necr      100%       2d13      1%          1
 Agony                    Necr           57%        N/A       3%          5
 Freeze                   Ice            28%        1d5       7%          1
 Frozen Ramparts          Ice            14%        1d3       21%         3
 Hailstorm                Conj/Ice       7%         3d4       21%         3


Dungeon Overview and Level Annotations

Branches:
Dungeon (6/15)
 Temple: D:4-7

Altars:
Dithmenos
Elyvilon
Kikubaaqudgha
Qazlal
Trog
Zin

Annotations:
D:4 exclusion: 2 lemures
D:5 Edmund


Innate Abilities, Weirdness & Mutations

Your mind is acute. (Int +4, Str/Dex -1)
You are clumsy. (Dex -2)


Message History

Press: ? - help, Shift-Dir - straight line, f/p - phantom
Aim: a phantom (lightly damaged, chance to affect: 31%)
The phantom easily resists.
The phantom misses you.
You hit the phantom but do no damage.
The phantom is lightly damaged.
The phantom barely misses you.
You hit the phantom.
The phantom is lightly damaged.
The phantom hits you but does no damage.
You hit the phantom but do no damage.
The phantom is lightly damaged.
The phantom hits you.
The phantom blinks!
You blink.
The phantom hits you.
You see here a scroll of enchant weapon.
o - 2 scrolls of enchant weapon (gained 1)
The phantom hits you.
The phantom blinks!
You blink.
Aiming: Paralyse
Press: ? - help, Shift-Dir - straight line, f/p - phantom
Aim: a phantom (lightly damaged, chance to affect: 31%)
The phantom easily resists.
The now-empty wand crumbles to dust.
The phantom hits you.
Okay, then.
Really quaff the potion of mutation?
You feel extremely strange.
You feel clever.
You feel clumsy. The phantom hits you.
* * * LOW HITPOINT WARNING * * *
The phantom blinks!
You blink.
The phantom attacks as you move away! The phantom hits you.
* * * LOW HITPOINT WARNING * * *
The phantom attacks as you move away! The phantom hits you.
* * * LOW HITPOINT WARNING * * *
You hit the phantom but do no damage.
The phantom is lightly damaged.
The phantom misses you.
You closely miss the phantom.
The phantom is lightly damaged.
The phantom hits you.
You die...
Kikubaaqudgha rasps: "You have failed me!
Welcome... death!"

..# ##.## ..#####.#.##
.......###.#########
..#####.#....†.<...#
..######...#######.########
...........# ####.........#
#.######...# #.....######.#
#.# #..## #.#W..# #.# #.#
#..# # #@### #.. #.# #..
#.# #### #.##
#.<..........# ...#
.#####.#.##.# #..# .# #.#.#
# #..# .# # #.# #..#####.#
#.# #.Y##....# #.#
......#..#####.#.#


You could see a phantom.

Vanquished Creatures
  Pikel (D:4)
  Sigmund (D:5)
  Eustachio (D:5)
  A sky beast (D:6)
  An ogre (D:4)
  Blork the orc (D:4)
  A scorpion (D:6)
  2 orc priests (D:5)
  2 sleepcaps
  3 iguanas
  2 orc wizards (D:3)
  3 gnolls (D:3)
  7 adders
  2 worms
  A dart slug (D:1)
  8 orcs
  6 ball pythons
  6 bats
  5 endoplasms
  5 giant cockroaches
  4 goblins
  8 hobgoblins
  4 kobolds
  5 quokkas
  2 frilled lizards (D:3)
  4 rats
86 creatures vanquished.

Vanquished Creatures (collateral kills)
  2 ball pythons
  An endoplasm (D:2)
  A quokka (D:3)
4 creatures vanquished.

Vanquished Creatures (others)
  4 orc zombies (D:6)
4 creatures vanquished.

Grand Total: 94 creatures vanquished

Notes
Turn   | Place    | Note
-------+----------+-------------------------------------------
     0 | D:1      | freelancePsychic the Deep Elf Necromancer began the quest
                  | for the Orb.
     0 | D:1      | Reached XP level 1. HP: 10/10 MP: 6/6
   103 | D:1      | Reached skill level 5 in Necromancy
   316 | D:1      | Reached XP level 2. HP: 16/16 MP: 5/8
   611 | D:1      | Reached skill level 1 in Fighting
   969 | D:2      | Reached XP level 3. HP: 20/20 MP: 6/9
  1089 | D:2      | Learned a level 3 spell: Vampiric Draining
  1307 | D:2      | Reached skill level 6 in Necromancy
  1788 | D:3      | Found a white marble altar of Elyvilon.
  1859 | D:3      | Found an ancient bone altar of Kikubaaqudgha.
  1907 | D:3      | Found a stormy altar of Qazlal.
  1971 | D:3      | Became a worshipper of Kikubaaqudgha
  2079 | D:3      | Reached XP level 4. HP: 16/25 MP: 3/10
  2207 | D:3      | Learned a level 4 spell: Animate Dead
  2453 | D:3      | Reached XP level 5. HP: 30/30 MP: 7/11
  2550 | D:3      | Found a shadowy altar of Dithmenos.
  2551 | D:3      | Found a bloodstained altar of Trog.
  2961 | D:3      | Reached skill level 7 in Necromancy
  3116 | D:3      | Found a glowing silver altar of Zin.
  3145 | D:4      | Noticed a lemure
  3386 | D:4      | Reached XP level 6. HP: 36/36 MP: 8/12
  3635 | D:4      | Noticed Blork the orc
  3647 | D:4      | Killed Blork the orc
  3748 | D:4      | Noticed Pikel
  4297 | D:5      | Entered Level 5 of the Dungeon
  4308 | D:5      | Noticed Eustachio
  4335 | D:4      | Killed Pikel
  4336 | D:4      | Reached skill level 8 in Necromancy
  4336 | D:4      | Reached XP level 7. HP: 40/41 MP: 4/16
  4474 | D:4      | Reached skill level 5 in Dodging
  4537 | D:5      | Killed Eustachio
  4537 | D:5      | Reached * piety under Kikubaaqudgha
  4537 | D:5      | Received a gift from Kikubaaqudgha
  4538 | D:5      | Reached skill level 5 in Spellcasting
  4538 | D:5      | Reached skill level 9 in Necromancy
  4538 | D:5      | Reached XP level 8. HP: 42/46 MP: 1/17
  4541 | D:5      | Learned a level 2 spell: Sublimation of Blood
  4973 | D:5      | Noticed Sigmund
  4979 | D:5      | Killed Sigmund
  5031 | D:5      | Noticed Edmund
  5130 | D:5      | You fall into a shaft and drop 1 floor!
  5474 | D:6      | Gained mutation: Your mind is acute. (Int +4, Str/Dex -1)
                  | [potion of mutation]
  5474 | D:6      | Gained mutation: You are clumsy. (Dex -2) [potion of
                  | mutation]
  5476 | D:6      | HP: 2/48 [phantom (4)]
  5478 | D:6      | Slain by a phantom

Illustrated notes

Levels and vault maps discovered:
D:1:      nzn_arrival_settlement, layout_basic
D:2:      layout_basic
D:3:      layout_loops_ring, zin_statuary, overflow_temple_1_default,
          elyvilon_altar_5, mainiacjoe_overflow_small_starburst,
          gammafunk_temple_overflow_pools, minmay_misc_feat_rugged
D:4:      layout_basic, uniq_pikel, uniq_blork_the_orc
D:5:      layout_loops_ring, uniq_eustachio, uniq_edmund, uniq_sigmund
D:6:      layout_loops_ring, chequers_temple_overflow_statue_of_worship,
          minmay_temple_entry_glass, st_stairs_8, uniq_grinder

Skill      XL: |  1  2  3  4  5  6  7 |
---------------+----------------------+-----
Necromancy     | 5 6 7 8 9 |  9.8
Fighting       | 1 2 3 |  3.9
Dodging        | 3 4 5 |  5.9
Spellcasting   | 4 5 |  5.8
Stealth        | |  2.4

Action                     |  1- 3 |  4- 6 |  7- 9 || total
---------------------------+-------+-------+-------++-------
  Melee: Unarmed           |     1 |     2 |       ||     3
         Dagger            |       |    33 |    46 ||    79
   Cast: Necrotise         |    75 |    35 |     2 ||   112
         Vampiric Draining |     1 |    26 |    27 ||    54
         Animate Dead      |       |       |     1 ||     1
  Evoke: Wand              |       |       |     7 ||     7
    Use: Scroll            |     4 |     4 |     6 ||    14
         Potion            |       |     2 |     2 ||     4
   Stab: Paralysed         |       |       |     5 ||     5
 Armour: Robe              |     1 |     6 |     8 ||    15
  Dodge: Dodged            |     8 |    35 |    56 ||    99

Table legend: (Time is in decaauts)
 A = Elapsed time spent in this place.
 B = Non-inter-level travel time spent in this place.
 C = Inter-level travel time spent in this place.
 D = Time resting spent in this place.
 E = Time spent auto-exploring this place.
 F = Levels seen in this place.
 G = Mean time per level.
                   A        B        C        D        E       F      G
               +--------+--------+--------+--------+--------+-----+--------+
         Total |   5479 |   5302 |    177 |    157 |   4408 |   6 |  913.2 |
       Dungeon |   5479 |   5302 |    177 |    157 |   4408 |   6 |  913.2 |
               +--------+--------+--------+--------+--------+-----+--------+

Top non-repeatable levels by time:
     D:4: 1379 daAuts
     D:3: 1315 daAuts
     D:2: 965 daAuts
     D:1: 857 daAuts
     D:5: 613 daAuts
     D:6: 347 daAuts
